 Dungeon Crawl Stone Soup version 0.17-a0-2220-g6fea741 (webtiles) character file.

16 Ijustatesigmund the Sneak (level 2, -2/17 HPs)
             Began as an Octopode Wizard on Oct 28, 2015.
             Slain by a giant gecko (5 damage)
             ... on level 1 of the Dungeon.
             The game lasted 00:01:30 (370 turns).

Ijustatesigmund the Sneak (Octopode Wizard)          Turns: 370, Time: 00:01:32

Health: -2/17      AC:  1    Str:  6    XL:     2   Next: 54%
Magic:  0/6        EV: 12    Int: 20    God:
Gold:   21         SH:  0    Dex: 10    Spells: 3 memorised, 2 levels left

rFire  . . .     SeeInvis .     g - +0 short sword
rCold  . . .     Clarity  .     (no shield)
rNeg   . . .     SustAt   .     a - +0 hat
rPois  .         Gourm    .     (no amulet)
rElec  .         Spirit   .     (no ring)
rCorr  .         Warding  .     (no ring)
rMut   .         Stasis   .     (no ring)
MR     .....                    (no ring)
Stlth  +++.......               (no ring)
                                (no ring)
                                (no ring)
                                (no ring)

@: repel missiles, not resistant to hostile enchantments, fairly stealthy
A: almost no armour, amphibious, 8 rings, constrict 8, camouflage 1, gelatinous
body 1
a: no special abilities


You were on level 1 of the Dungeon.
You were not hungry.

You visited 1 branch of the dungeon, and saw 1 of its levels.

You collected 21 gold pieces.

Inventory:

Hand Weapons
 g - a +0 short sword (weapon)
Armour
 a - a +0 hat (worn)
Scrolls
 e - a scroll of magic mapping {unknown}
 f - 3 scrolls of identify {unknown}
Potions
 d - a potion of agility {unknown}
Books
 b - a book of Minor Magic

   Spells                             Type                      Level
   a - Magic Dart                     Conjuration                  1
   b - Blink                          Translocation                2
   c - Call Imp                       Summoning                    2
   d - Repel Missiles                 Charms/Air                   2
   e - Slow                           Hexes                        2
   f - Conjure Flame                  Conjuration/Fire             3
   g - Mephitic Cloud                 Conjuration/Poison/Air       3
Comestibles
 c - a bread ration


   Skills:
 - Level 2.0 Dodging
 + Level 3.6 Stealth
 - Level 3.0 Spellcasting
 + Level 1.8 Conjurations
   Level 1.0 Summonings
 - Level 1.0 Translocations


You had 2 spell levels left.
You knew the following spells:

 Your Spells              Type           Power        Failure   Level  Hunger
a - Magic Dart            Conj           ##..         10%         1    None
b - Blink                 Tloc           N/A          17%         2    ##.....
c - Repel Missiles        Chrm/Air       #.....       24%         2    ##.....


Dungeon Overview and Level Annotations

Branches:
Dungeon (1/15)

Altars:


Innate Abilities, Weirdness & Mutations

You cannot wear most types of armour.
You are amphibious.
You can wear up to eight rings at the same time.
You can use your tentacles to constrict eight enemies at once.
Your skin changes colour to match your surroundings (Stealth).
Your rubbery body absorbs attacks (AC +1).


Message History

You kill the jackal!
You are too injured to fight recklessly!
You are too injured to fight recklessly!
You barely miss the jackal. You grab the jackal. You squeeze the jackal.
You kill the jackal!
You hit the jackal.
You kill the jackal!
You closely miss the giant gecko. Your grab misses the giant gecko.
You squeeze the giant gecko.
The giant gecko is moderately wounded.
The giant gecko misses you.
Your magical contamination has completely faded away.
You hit the giant gecko but do no damage.
You grab the giant gecko.
The giant gecko is moderately wounded.
You constrict the giant gecko, but do no damage.
The giant gecko bites you.
* * * LOW HITPOINT WARNING * * *
The giant gecko bites you.
You die...

...........#.#
.............#
.............###
...............#
.........$.###.#
...........# .#
........$..# .#
.......?...###.#
.......)....l@.#
............####
............#
............#
............#
............#
............#
...........#


You could see a giant gecko.

Vanquished Creatures
  A hobgoblin (D:1)
  7 jackals (D:1)
  3 kobolds (D:1)
  A bat (D:1)
  A giant newt (D:1)
  2 rats (D:1)
15 creatures vanquished.

Notes
Turn   | Place    | Note
--------------------------------------------------------------
     0 | D:1      | Ijustatesigmund the Octopode Wizard began the quest for the Orb.
     0 | D:1      | Reached XP level 1. HP: 11/11 MP: 4/4
   105 | D:1      | Reached XP level 2. HP: 7/17 MP: 0/6
   110 | D:1      | Learned a level 2 spell: Blink
   113 | D:1      | Learned a level 2 spell: Repel Missiles
   370 | D:1      | Slain by a giant gecko

Vault maps used:
D:1:      dpeg_arrival_lava_altar, wad_floor_pattern_1

Action                   || total
-------------------------++-------
Melee: Unarmed           ||     8
       Short sword       ||    11
 Cast: Magic Dart        ||    18
       Repel Missiles    ||     1
